Rangers vs Canadiens

Created - March 8, 2017 at 18:23

Goals
1 2 3 OT1 T
Rangers 0 4 1 0 5
Canadiens 2 0 3 1 6
Shots
1 2 3 OT1 T
Rangers 6 6 5 0 17
Canadiens 14 4 19 1 38

1st period

1. Canadiens , John Tavares 31 (Zack Smith) at 11:16
2. Canadiens , Gustav Nyquist 16 (Mike Ribeiro, Adam Larsson) at 11:59

Penalties :
Tomas Jurco (NYR) for Hooking (Minor) at 0:43, Michael Del Zotto (NYR) for Interference (Minor) at 7:56

2nd period

3. Rangers , Phillip Danault 4 (Oliver Ekman-Larsson) at 5:19
4. Rangers , Michael Del Zotto 6 (Benoit Pouliot, Connor McDavid) at 6:21
5. Rangers , Benoit Pouliot 21 (Connor McDavid, Alex Goligoski) at 7:06
6. Rangers , Mark Letestu 2 (Ondrej Palat, Phillip Danault) at 19:18

Penalties :
Nate Schmidt (MTL) for Hooking (Minor) at 5:39, Matt Niskanen (NYR) for Slashing (Minor) at 5:58, Justin Abdelkader (MTL) for Roughing (Minor) at 12:04, David Jones (NYR) for Roughing (Minor) at 14:24

3rd period

7. Canadiens , Gustav Nyquist 17 (Jakob Silfverberg, Justin Abdelkader) at 1:25
8. Canadiens , Adam Larsson 11 (Cam Fowler, Justin Abdelkader) at 4:33 (PP)
9. Canadiens , Jakob Silfverberg 19 (Justin Abdelkader) at 6:36
10. Rangers , Benoit Pouliot 22 (Connor McDavid, Alex Goligoski) at 12:58 (PP)

Penalties :
Alex Goligoski (NYR) for High sticking (Minor) at 2:36, John Tavares (MTL) for Holding (Minor) at 8:32, Ondrej Palat (NYR) for Hooking (Minor) at 8:32, Cam Fowler (MTL) for Interference (Minor) at 12:46, Ondrej Palat (NYR) for Interference (Minor) at 14:15

Overtime #1

11. Canadiens , Adam Larsson 12 (Teuvo Teravainen, John Tavares) at 0:24

Penalties :
No Penalty

Goalie Stats

Scott Darling (NYR), 32 saves from 38 shots - (0.842), OTL, 10-16-7, 60:25 minutes
Jonathan Bernier (MTL), 4 saves from 5 shots - (0.800), W, 7-15-0, 21:07 minutes
Cam Talbot (MTL), 8 saves from 12 shots - (0.667), 39:18 minutes

Players Stats for Rangers

Player Name              G  A  P  +/- PIM S  H  SB GA TA FO     MP     PP MP  PK MP  
------------------------------------------------------------------------------------
Alex Goligoski           0  2  2   1  2   0  0  3  0  0  0/0    20:55   1:03   4:39 
Benoit Pouliot           2  1  3   1  0   6  0  0  0  0  0/0    14:25   1:03   4:07 
Brandon Pirri            0  0  0   0  0   1  0  0  0  0  8/10    8:34   0:00   4:07 
Cedric Paquette          0  0  0  -1  0   1  1  0  0  0  7/26   15:05   0:00   6:05 
Connor McDavid           0  3  3   1  0   1  0  0  0  0  18/27  18:53   1:39   0:00 
Conor Sheary             0  0  0  -1  0   1  0  0  0  0  0/0    15:17   0:00   0:00 
Dale Weise               0  0  0   0  0   0  1  1  0  0  0/0     7:44   1:39   6:05 
David Jones              0  0  0  -1  2   0  2  0  0  0  0/1    11:44   0:00   0:00 
Jiri Sekac               0  0  0   0  0   0  0  1  0  0  0/0     4:27   0:00   0:00 
Justin Falk              0  0  0   0  0   0  1  0  0  0  0/0    16:54   0:00   2:05 
Mark Letestu             1  0  1   0  0   1  0  0  0  0  0/0    16:37   0:00   0:00 
Matt Niskanen            0  0  0  -1  2   0  1  3  0  0  0/0    20:00   1:26   4:18 
Michael Del Zotto        1  0  1   1  2   1  2  2  0  0  0/0    23:23   1:03   3:43 
Nick Schultz             0  0  0   0  0   0  0  0  0  0  0/0    14:49   0:00   0:00 
Oliver Ekman-Larsson     0  1  1  -1  0   2  0  0  0  0  0/0    24:46   1:27   5:39 
Ondrej Palat             0  1  1   0  4   2  2  0  0  0  0/1    18:02   1:27   0:00 
Phillip Danault          1  1  2   0  0   1  1  0  0  0  9/18   19:35   0:51   0:00 
Tomas Jurco              0  0  0  -1  2   0  1  0  0  0  0/0    16:32   0:51   0:00 

Players Stats for Canadiens

Player Name              G  A  P  +/- PIM S  H  SB GA TA FO     MP     PP MP  PK MP  
------------------------------------------------------------------------------------
Adam Larsson             2  1  3  -1  0   4  7  1  0  0  0/0    25:41   4:28   1:07 
Brayden McNabb           0  0  0   0  0   1  6  1  0  0  0/0    24:09   5:44   1:33 
Cam Fowler               0  1  1  -1  2   2  0  0  0  0  0/0    24:14   4:28   0:40 
Gustav Nyquist           2  0  2   3  0   4  0  0  0  0  0/1    17:39   4:36   0:06 
Jakob Silfverberg        1  1  2   3  0   6  2  0  0  0  1/4    20:25   5:12   1:20 
John Tavares             1  1  2   1  2   5  0  0  0  0  13/28  23:06   6:20   0:34 
Jordan Eberle            0  0  0   1  0   5  0  0  0  0  3/3    20:12   5:53   0:00 
Josh Bailey              0  0  0  -3  0   0  0  0  0  0  5/10   11:24   0:00   0:00 
Joshua Morrissey         0  0  0   0  0   0  0  0  0  0  0/0    14:50   0:00   0:00 
Justin Abdelkader        0  3  3   1  2   1  3  0  0  0  3/5    16:33   5:54   0:00 
Ladislav Smid            0  0  0   1  0   0  1  0  0  0  0/0    11:53   0:00   0:09 
Matt Calvert             0  0  0  -1  0   0  0  0  0  0  0/1    10:33   0:16   1:04 
Matt Moulson             0  0  0  -1  0   3  0  0  0  0  0/0     9:46   0:00   0:00 
Mike Ribeiro             0  1  1   1  0   0  0  0  0  0  8/12    9:27   2:02   0:00 
Nail Yakupov             0  0  0  -1  0   1  0  0  0  0  0/1     9:46   0:00   0:00 
Nate Schmidt             0  0  0   1  2   1  0  0  0  0  0/0    20:01   5:44   1:31 
Teuvo Teravainen         0  1  1  -3  0   3  0  0  0  0  4/12   12:18   0:23   0:09 
Zack Smith               0  1  1   1  0   2  2  0  0  0  4/6    13:30   0:00   1:47 

3 Stars

1 - Adam Larsson (MTL)
2 - Gustav Nyquist (MTL)
3 - Benoit Pouliot (NYR)

Power Play

Rangers - 1 on 3 Attempt(s) - 33.33%
Canadiens - 1 on 6 Attempt(s) - 16.67%

Penalty Kill

Rangers - 5 on 6 Attempt(s) - 83.33% - Score 0 goal in Penalty Kill
Canadiens - 2 on 3 Attempt(s) - 66.67% - Score 0 goal in Penalty Kill

Team Stat

Rangers - Hits : 12 - Faceoff Wins : 42 - Blocked Shots : 10 - Penalty Minutes : 14
Canadiens - Hits : 21 - Faceoff Wins : 41 - Blocked Shots : 2 - Penalty Minutes : 8

Official

Referees : Justin StPierre and Eric Furlatt
Linesman : Ryan Gibbons and Shandor Alphonso

Game Notes

Mike Ribeiro is injured at 9:52 of 2nd period (Sports Hernia)
Jonathan Bernier enters game at 19:18 of 2nd period

Finance

Level 1 -- Attendance: 5113 (78.66%) -- Ticket Income $562,430
Level 2 -- Attendance: 4823 (96.46%) -- Ticket Income $361,725
Level 3 -- Attendance: 3163 (90.37%) -- Ticket Income $173,965
Level 4 -- Attendance: 2773 (52.45%) -- Ticket Income $97,055
Luxury Box -- Attendance: 897 (89.70%) -- Ticket Income $178,503
Game was played at the Bell Centre.
Total Attendance: 16769 (78.78%)
Total Ticket Income: $1,373,678
Other Income: $206,052
Total Income: $1,579,730

% Time on Ice - Rangers

Lines # - Real PCT - Wanted PCT - Time Play
Normal Forward
1 - 35% - 34% - 15:17
2 - 38% - 34% - 16:37
3 - 17% - 20% - 7:18
4 - 10% - 12% - 4:27
Normal Defense
1 - 39% - 43% - 16:52
2 - 30% - 33% - 13:03
3 - 30% - 24% - 12:56
4 - 2% - 0% - 0:48
PP Forward
1 - 66% - 50% - 1:39
2 - 34% - 50% - 0:51
PP Defense
1 - 42% - 50% - 1:03
2 - 58% - 50% - 1:27
PK Forward
1 - 60% - 55% - 6:05
2 - 40% - 45% - 4:07
PK Defense
1 - 55% - 60% - 5:39
2 - 45% - 40% - 4:33
PK3 Forward
1 - 0% - 60%
2 - 0% - 40%
PK3 Defense
1 - 0% - 60%
2 - 0% - 40%
44 Forward
1 - 53% - 50% - 1:57
2 - 47% - 50% - 1:42
44 Defense
1 - 48% - 55% - 1:46
2 - 52% - 45% - 1:53
Last Minute Offensive  - 0:00
Last Minute Defensive  - 0:00
Total
Forward - 60:00
Defense - 60:00

% Time on Ice - Canadiens

Lines # - Real PCT - Wanted PCT - Time Play
Normal Forward
1 - 27% - 35% - 11:43
2 - 30% - 35% - 12:57
3 - 21% - 20% - 9:13
4 - 22% - 10% - 9:46
Normal Defense
1 - 39% - 40% - 17:05
2 - 34% - 35% - 14:50
3 - 14% - 13% - 6:08
4 - 13% - 12% - 5:36
PP Forward
1 - 55% - 60% - 5:36
2 - 45% - 40% - 4:36
PP Defense
1 - 44% - 50% - 4:28
2 - 56% - 50% - 5:44
PK Forward
1 - 77% - 55% - 1:56
2 - 23% - 45% - 0:34
PK Defense
1 - 81% - 60% - 2:02
2 - 19% - 40% - 0:28
PK3 Forward
1 - 0% - 60%
2 - 0% - 40%
PK3 Defense
1 - 0% - 60%
2 - 0% - 40%
44 Forward
1 - 55% - 50% - 2:01
2 - 45% - 50% - 1:38
44 Defense
1 - 44% - 50% - 1:37
2 - 56% - 50% - 2:02
Last Minute Offensive  - 0:00
Last Minute Defensive  - 0:00
Total
Forward - 60:00
Defense - 60:00

Play by Play

1st period


0:01 of 1st period - Connor McDavid wins face-off versus John Tavares in neutral zone.
0:43 of 1st period - Minor Penalty to Tomas Jurco for Hooking.
0:44 of 1st period - Mike Ribeiro wins face-off versus Cedric Paquette in Rangers zone.
1:49 of 1st period - Off-side.
1:50 of 1st period - Cedric Paquette wins face-off versus John Tavares in neutral zone.
3:44 of 1st period - Shot by Nate Schmidt.
3:44 of 1st period - Stopped by Scott Darling with a rebound.
4:34 of 1st period - Shot by Benoit Pouliot.
4:34 of 1st period - Shot Misses the Net.
4:36 of 1st period - Shot by Cedric Paquette.
4:36 of 1st period - Deflect By Benoit Pouliot.
4:36 of 1st period - Stopped by Cam Talbot without a rebound.
4:37 of 1st period - Brandon Pirri wins face-off versus Mike Ribeiro in Canadiens zone.
5:42 of 1st period - Matt Niskanen is hit by Zack Smith and loses puck.
5:53 of 1st period - Shot by Jordan Eberle.
5:53 of 1st period - Stopped by Scott Darling without a rebound.
5:54 of 1st period - Josh Bailey wins face-off versus Connor McDavid in Rangers zone.
6:27 of 1st period - Justin Falk is hit by Adam Larsson and loses puck.
6:53 of 1st period - Ondrej Palat is hit by Adam Larsson and loses puck.
7:11 of 1st period - Mark Letestu is hit by Adam Larsson.
7:21 of 1st period - Shot by Ondrej Palat.
7:21 of 1st period - Stopped by Cam Talbot without a rebound.
7:22 of 1st period - Mike Ribeiro wins face-off versus Cedric Paquette in Canadiens zone.
7:30 of 1st period - Icing by Jakob Silfverberg.
7:31 of 1st period - Cedric Paquette wins face-off versus Gustav Nyquist in Canadiens zone.
7:38 of 1st period - Shot by Benoit Pouliot.
7:38 of 1st period - Stopped by Cam Talbot without a rebound.
7:39 of 1st period - Mike Ribeiro wins face-off versus Cedric Paquette in Canadiens zone.
7:49 of 1st period - Icing by Michael Del Zotto.
7:50 of 1st period - Jordan Eberle wins face-off versus Cedric Paquette in Rangers zone.
7:56 of 1st period - Minor Penalty to Michael Del Zotto for Interference.
7:57 of 1st period - John Tavares wins face-off versus Cedric Paquette in Rangers zone.
8:24 of 1st period - Alex Goligoski is hit by Justin Abdelkader and loses puck.
8:33 of 1st period - Shot by Justin Abdelkader.
8:33 of 1st period - Stopped by Scott Darling without a rebound.
8:34 of 1st period - Brandon Pirri wins face-off versus Mike Ribeiro in Rangers zone.
9:07 of 1st period - Shot by Jakob Silfverberg.
9:07 of 1st period - Stopped by Scott Darling without a rebound.
9:08 of 1st period - Brandon Pirri wins face-off versus John Tavares in Rangers zone.
9:49 of 1st period - Alex Goligoski is hit by Justin Abdelkader.
9:53 of 1st period - Shot by Brandon Pirri.
9:53 of 1st period - Shot Misses the Net.
10:03 of 1st period - Shot by Jakob Silfverberg.
10:03 of 1st period - Deflect By Gustav Nyquist.
10:03 of 1st period - Stopped by Scott Darling with a rebound.
10:05 of 1st period - Shot by Mike Ribeiro.
10:05 of 1st period - Shot Misses the Net.
10:27 of 1st period - Shot by Jakob Silfverberg.
10:27 of 1st period - Stopped by Scott Darling with a rebound.
10:32 of 1st period - Icing by Oliver Ekman-Larsson.
10:33 of 1st period - Phillip Danault wins face-off versus Josh Bailey in Rangers zone.
10:55 of 1st period - Icing by Joshua Morrissey.
10:56 of 1st period - Josh Bailey wins face-off versus Cedric Paquette in Canadiens zone.
11:01 of 1st period - Shot by Nail Yakupov.
11:01 of 1st period - Shot Misses the Net.
11:03 of 1st period - Shot by Matt Moulson.
11:03 of 1st period - Stopped by Scott Darling without a rebound.
11:04 of 1st period - John Tavares wins face-off versus Connor McDavid in Rangers zone.
11:16 of 1st period - Shot by John Tavares.
11:16 of 1st period - Goal by John Tavares - Rangers : 0 - Canadiens : 1.
11:17 of 1st period - Mike Ribeiro wins face-off versus David Jones in neutral zone.
11:47 of 1st period - Jakob Silfverberg is hit by Justin Falk and loses puck.
11:59 of 1st period - Shot by Gustav Nyquist.
11:59 of 1st period - Goal by Gustav Nyquist - Rangers : 0 - Canadiens : 2.
12:00 of 1st period - Connor McDavid wins face-off versus John Tavares in neutral zone.
12:02 of 1st period - Matt Niskanen is hit by Brayden McNabb and loses puck.
12:24 of 1st period - Alex Goligoski is hit by Brayden McNabb and loses puck.
12:40 of 1st period - Connor McDavid is hit by Brayden McNabb and loses puck.
12:43 of 1st period - Shot by Connor McDavid.
12:43 of 1st period - Stopped by Cam Talbot without a rebound.
12:44 of 1st period - Teuvo Teravainen wins face-off versus Phillip Danault in Canadiens zone.
12:44 of 1st period - Teuvo Teravainen is hit by Phillip Danault.
13:19 of 1st period - Shot by Teuvo Teravainen.
13:19 of 1st period - Stopped by Scott Darling without a rebound.
13:20 of 1st period - Mike Ribeiro wins face-off versus Cedric Paquette in Rangers zone.
13:38 of 1st period - Cedric Paquette is hit by Adam Larsson and loses puck.
13:53 of 1st period - Shot by Gustav Nyquist.
13:53 of 1st period - Shot Misses the Net.
14:20 of 1st period - Shot by John Tavares.
14:20 of 1st period - Stopped by Scott Darling without a rebound.
14:21 of 1st period - Connor McDavid wins face-off versus Teuvo Teravainen in Rangers zone.
14:34 of 1st period - Shot by Teuvo Teravainen.
14:34 of 1st period - Stopped by Scott Darling without a rebound.
14:35 of 1st period - John Tavares wins face-off versus Phillip Danault in Rangers zone.
14:42 of 1st period - Shot by John Tavares.
14:42 of 1st period - Shot Blocked by Matt Niskanen.
14:44 of 1st period - Shot by Jordan Eberle.
14:44 of 1st period - Stopped by Scott Darling without a rebound.
14:45 of 1st period - John Tavares wins face-off versus Connor McDavid in Rangers zone.
14:48 of 1st period - Shot by Zack Smith.
14:48 of 1st period - Shot Blocked by Michael Del Zotto.
15:00 of 1st period - Shot by John Tavares.
15:00 of 1st period - Shot Misses the Net.
15:02 of 1st period - Shot by Jordan Eberle.
15:02 of 1st period - Stopped by Scott Darling without a rebound.
15:03 of 1st period - Jakob Silfverberg wins face-off versus Phillip Danault in Rangers zone.
15:35 of 1st period - Shot by Gustav Nyquist.
15:35 of 1st period - Shot Misses the Net.
15:39 of 1st period - Shot by Jakob Silfverberg.
15:39 of 1st period - Shot Misses the Net.
15:41 of 1st period - Shot by Cam Fowler.
15:41 of 1st period - Shot Misses the Net.
16:42 of 1st period - Icing by Zack Smith.
16:43 of 1st period - Brandon Pirri wins face-off versus John Tavares in Canadiens zone.
16:49 of 1st period - Jiri Sekac is hit by Brayden McNabb and loses puck.
16:57 of 1st period - Brandon Pirri is hit by Brayden McNabb and loses puck.
17:21 of 1st period - Icing by Ladislav Smid.
17:22 of 1st period - Connor McDavid wins face-off versus Teuvo Teravainen in Canadiens zone.
17:23 of 1st period - Shot by Oliver Ekman-Larsson.
17:23 of 1st period - Stopped by Cam Talbot without a rebound.
17:24 of 1st period - Mike Ribeiro wins face-off versus Connor McDavid in Canadiens zone.
17:29 of 1st period - Oliver Ekman-Larsson is hit by Jakob Silfverberg and loses puck.
18:26 of 1st period - Icing by Michael Del Zotto.
18:27 of 1st period - John Tavares wins face-off versus Connor McDavid in Rangers zone.
18:30 of 1st period - Shot by Jordan Eberle.
18:30 of 1st period - Shot Hit the Post.
18:36 of 1st period - Jordan Eberle is hit by Tomas Jurco and loses puck.
18:51 of 1st period - Shot by John Tavares.
18:51 of 1st period - Shot Blocked by Alex Goligoski.
18:59 of 1st period - Shot by Mark Letestu.
18:59 of 1st period - Deflect By Ondrej Palat.
18:59 of 1st period - Stopped by Cam Talbot without a rebound.
19:00 of 1st period - Teuvo Teravainen wins face-off versus Cedric Paquette in Canadiens zone.
19:00 of 1st period - Teuvo Teravainen is hit by David Jones.
19:11 of 1st period - Matt Calvert is hit by Cedric Paquette and loses puck.
Goals for this period are 0 for Rangers vs 2 for Canadiens.
Shots for this period are 6 for Rangers vs 14 for Canadiens.

2nd period


0:01 of 2nd period - Phillip Danault wins face-off versus John Tavares in neutral zone.
0:07 of 2nd period - Icing by Brayden McNabb.
0:08 of 2nd period - John Tavares wins face-off versus Phillip Danault in Canadiens zone.
0:13 of 2nd period - Shot by Jordan Eberle.
0:13 of 2nd period - Shot Misses the Net.
0:36 of 2nd period - Icing by Ondrej Palat.
0:37 of 2nd period - Phillip Danault wins face-off versus Mike Ribeiro in Rangers zone.
0:43 of 2nd period - Off-side.
0:44 of 2nd period - Connor McDavid wins face-off versus Mike Ribeiro in neutral zone.
1:35 of 2nd period - Mike Ribeiro is hit by Matt Niskanen and loses puck.
2:43 of 2nd period - Shot by Zack Smith.
2:43 of 2nd period - Stopped by Scott Darling without a rebound.
2:44 of 2nd period - Brandon Pirri wins face-off versus Teuvo Teravainen in Rangers zone.
3:06 of 2nd period - Shot by Cam Fowler.
3:06 of 2nd period - Shot Blocked by Jiri Sekac.
4:36 of 2nd period - Justin Falk is hit by Adam Larsson and loses puck.
4:46 of 2nd period - Matt Moulson is hit by Ondrej Palat and loses puck.
4:50 of 2nd period - Off-side.
4:51 of 2nd period - Teuvo Teravainen wins face-off versus Phillip Danault in neutral zone.
4:56 of 2nd period - Justin Abdelkader is hit by Ondrej Palat and loses puck.
5:19 of 2nd period - Shot by Phillip Danault.
5:19 of 2nd period - Goal by Phillip Danault - Rangers : 1 - Canadiens : 2.
5:20 of 2nd period - Mike Ribeiro wins face-off versus Cedric Paquette in neutral zone.
5:20 of 2nd period - Mike Ribeiro is hit by David Jones.
5:39 of 2nd period - Minor Penalty to Nate Schmidt for Hooking.
5:40 of 2nd period - Zack Smith wins face-off versus Connor McDavid in Canadiens zone.
5:40 of 2nd period - Zack Smith is hit by Dale Weise.
5:58 of 2nd period - Minor Penalty to Matt Niskanen for Slashing.
5:59 of 2nd period - John Tavares wins face-off versus Cedric Paquette in Rangers zone.
6:04 of 2nd period - Shot by Jordan Eberle.
6:04 of 2nd period - Stopped by Scott Darling without a rebound.
6:05 of 2nd period - Cedric Paquette wins face-off versus Teuvo Teravainen in Rangers zone.
6:09 of 2nd period - Off-side.
6:10 of 2nd period - Connor McDavid wins face-off versus Teuvo Teravainen in neutral zone.
6:19 of 2nd period - Shot by Benoit Pouliot.
6:19 of 2nd period - Shot Misses the Net.
6:21 of 2nd period - Shot by Michael Del Zotto.
6:21 of 2nd period - Goal by Michael Del Zotto - Rangers : 2 - Canadiens : 2.
6:22 of 2nd period - John Tavares wins face-off versus Cedric Paquette in neutral zone.
6:28 of 2nd period - Icing by Nick Schultz.
6:29 of 2nd period - Cedric Paquette wins face-off versus John Tavares in Rangers zone.
6:48 of 2nd period - Off-side.
6:49 of 2nd period - Connor McDavid wins face-off versus Teuvo Teravainen in neutral zone.
7:06 of 2nd period - Shot by Benoit Pouliot.
7:06 of 2nd period - Goal by Benoit Pouliot - Rangers : 3 - Canadiens : 2.
7:07 of 2nd period - John Tavares wins face-off versus Phillip Danault in neutral zone.
7:36 of 2nd period - Shot by Phillip Danault.
7:36 of 2nd period - Shot Blocked by Adam Larsson.
7:43 of 2nd period - Icing by Gustav Nyquist.
7:44 of 2nd period - Mike Ribeiro wins face-off versus Cedric Paquette in Canadiens zone.
8:16 of 2nd period - Shot by Matt Calvert.
8:16 of 2nd period - Shot Blocked by Matt Niskanen.
8:37 of 2nd period - Matt Niskanen is hit by Ladislav Smid and loses puck.
9:40 of 2nd period - Shot by Zack Smith.
9:40 of 2nd period - Stopped by Scott Darling with a rebound.
9:51 of 2nd period - Mike Ribeiro is hit by Michael Del Zotto and loses puck.
9:52 of 2nd period - Mike Ribeiro from Canadiens is injured at 9:52 of 2nd period (Sports Hernia).
9:53 of 2nd period - Cedric Paquette wins face-off versus Justin Abdelkader in Rangers zone.
10:01 of 2nd period - Off-side.
10:02 of 2nd period - Connor McDavid wins face-off versus John Tavares in neutral zone.
11:01 of 2nd period - Benoit Pouliot is hit by Adam Larsson and loses puck.
11:08 of 2nd period - Nick Schultz is hit by Justin Abdelkader and loses puck.
12:04 of 2nd period - Minor Penalty to Justin Abdelkader for Roughing.
12:05 of 2nd period - Connor McDavid wins face-off versus Zack Smith in Canadiens zone.
13:08 of 2nd period - Icing by Alex Goligoski.
13:09 of 2nd period - Zack Smith wins face-off versus Phillip Danault in Rangers zone.
13:29 of 2nd period - Shot by Benoit Pouliot.
13:29 of 2nd period - Stopped by Cam Talbot without a rebound.
13:30 of 2nd period - Connor McDavid wins face-off versus John Tavares in Canadiens zone.
13:50 of 2nd period - Connor McDavid is hit by Brayden McNabb and loses puck.
13:57 of 2nd period - Shot by Oliver Ekman-Larsson.
13:57 of 2nd period - Stopped by Cam Talbot without a rebound.
13:58 of 2nd period - Phillip Danault wins face-off versus Zack Smith in Canadiens zone.
14:07 of 2nd period - Shot by Brandon Pirri.
14:07 of 2nd period - Deflect By David Jones.
14:07 of 2nd period - Shot Misses the Net.
14:24 of 2nd period - Minor Penalty to David Jones for Roughing.
14:25 of 2nd period - John Tavares wins face-off versus Cedric Paquette in Rangers zone.
14:36 of 2nd period - Shot by John Tavares.
14:36 of 2nd period - Shot Misses the Net.
14:38 of 2nd period - Shot by Adam Larsson.
14:38 of 2nd period - Shot Blocked by Michael Del Zotto.
14:40 of 2nd period - Shot by Cam Fowler.
14:40 of 2nd period - Shot Misses the Net.
15:33 of 2nd period - Shot by Brayden McNabb.
15:33 of 2nd period - Stopped by Scott Darling without a rebound.
15:34 of 2nd period - Brandon Pirri wins face-off versus Justin Abdelkader in Rangers zone.
16:54 of 2nd period - Shot by Phillip Danault.
16:54 of 2nd period - Shot Misses the Net.
17:31 of 2nd period - Shot by Tomas Jurco.
17:31 of 2nd period - Shot Misses the Net.
17:37 of 2nd period - Michael Del Zotto is hit by Zack Smith and loses puck.
18:08 of 2nd period - Shot by Justin Abdelkader.
18:08 of 2nd period - Shot Blocked by Matt Niskanen.
19:18 of 2nd period - Shot by Ondrej Palat.
19:18 of 2nd period - Deflect By Mark Letestu.
19:18 of 2nd period - Goal by Mark Letestu - Rangers : 4 - Canadiens : 2.
19:18 of 2nd period - Jonathan Bernier enters game.
19:19 of 2nd period - John Tavares wins face-off versus Connor McDavid in neutral zone.
19:27 of 2nd period - John Tavares is hit by Michael Del Zotto and loses puck.
Goals for this period are 4 for Rangers vs 0 for Canadiens.
Shots for this period are 6 for Rangers vs 4 for Canadiens.

3rd period


0:01 of 3rd period - Phillip Danault wins face-off versus John Tavares in neutral zone.
1:23 of 3rd period - Shot by Justin Abdelkader.
1:23 of 3rd period - Shot Misses the Net.
1:25 of 3rd period - Shot by Jakob Silfverberg.
1:25 of 3rd period - Deflect By Gustav Nyquist.
1:25 of 3rd period - Goal by Gustav Nyquist - Rangers : 4 - Canadiens : 3.
1:26 of 3rd period - Connor McDavid wins face-off versus Josh Bailey in neutral zone.
2:33 of 3rd period - Shot by John Tavares.
2:33 of 3rd period - Shot Hit the Post.
2:35 of 3rd period - Shot by John Tavares.
2:35 of 3rd period - Stopped by Scott Darling with a rebound.
2:36 of 3rd period - Minor Penalty to Alex Goligoski for High sticking.
2:37 of 3rd period - Justin Abdelkader wins face-off versus Cedric Paquette in Rangers zone.
3:04 of 3rd period - Shot by Brandon Pirri.
3:04 of 3rd period - Stopped by Jonathan Bernier without a rebound.
3:05 of 3rd period - Jordan Eberle wins face-off versus Cedric Paquette in Canadiens zone.
3:21 of 3rd period - Icing by Nate Schmidt.
3:22 of 3rd period - Jordan Eberle wins face-off versus Cedric Paquette in Canadiens zone.
4:33 of 3rd period - Shot by Adam Larsson.
4:33 of 3rd period - Goal by Adam Larsson - Rangers : 4 - Canadiens : 4.
4:34 of 3rd period - Josh Bailey wins face-off versus Phillip Danault in neutral zone.
5:22 of 3rd period - Shot by Conor Sheary.
5:22 of 3rd period - Stopped by Jonathan Bernier without a rebound.
5:23 of 3rd period - Zack Smith wins face-off versus Cedric Paquette in Canadiens zone.
6:34 of 3rd period - Shot by Teuvo Teravainen.
6:34 of 3rd period - Stopped by Scott Darling without a rebound.
6:35 of 3rd period - Justin Abdelkader wins face-off versus Ondrej Palat in Rangers zone.
6:36 of 3rd period - Shot by Jakob Silfverberg.
6:36 of 3rd period - Goal by Jakob Silfverberg - Rangers : 4 - Canadiens : 5.
6:37 of 3rd period - Connor McDavid wins face-off versus Jakob Silfverberg in neutral zone.
7:00 of 3rd period - Shot by Michael Del Zotto.
7:00 of 3rd period - Shot Misses the Net.
7:10 of 3rd period - Shot by Jakob Silfverberg.
7:10 of 3rd period - Shot Misses the Net.
7:21 of 3rd period - Icing by Michael Del Zotto.
7:22 of 3rd period - Connor McDavid wins face-off versus Teuvo Teravainen in Rangers zone.
7:41 of 3rd period - Off-side.
7:42 of 3rd period - Phillip Danault wins face-off versus Josh Bailey in neutral zone.
8:15 of 3rd period - Shot by Josh Bailey.
8:15 of 3rd period - Deflect By Nail Yakupov.
8:15 of 3rd period - Stopped by Scott Darling with a rebound.
8:19 of 3rd period - Shot by Matt Moulson.
8:19 of 3rd period - Shot Misses the Net.
8:32 of 3rd period - Minor Penalty to John Tavares for Holding.
8:32 of 3rd period - Minor Penalty to Ondrej Palat for Hooking.
8:33 of 3rd period - Connor McDavid wins face-off versus Jakob Silfverberg in neutral zone.
8:37 of 3rd period - Benoit Pouliot is hit by Adam Larsson and loses puck.
8:54 of 3rd period - Shot by Jakob Silfverberg.
8:54 of 3rd period - Stopped by Scott Darling without a rebound.
8:55 of 3rd period - Teuvo Teravainen wins face-off versus Connor McDavid in Rangers zone.
9:05 of 3rd period - Off-side.
9:06 of 3rd period - Cedric Paquette wins face-off versus Jakob Silfverberg in neutral zone.
9:37 of 3rd period - Shot by Cedric Paquette.
9:37 of 3rd period - Stopped by Jonathan Bernier without a rebound.
9:38 of 3rd period - Connor McDavid wins face-off versus Josh Bailey in Canadiens zone.
9:41 of 3rd period - Shot by Benoit Pouliot.
9:41 of 3rd period - Stopped by Jonathan Bernier without a rebound.
9:42 of 3rd period - Connor McDavid wins face-off versus Teuvo Teravainen in Canadiens zone.
10:21 of 3rd period - Shot by Teuvo Teravainen.
10:21 of 3rd period - Shot Misses the Net.
10:57 of 3rd period - Shot by John Tavares.
10:57 of 3rd period - Stopped by Scott Darling without a rebound.
10:58 of 3rd period - John Tavares wins face-off versus Brandon Pirri in Rangers zone.
11:13 of 3rd period - Shot by Gustav Nyquist.
11:13 of 3rd period - Stopped by Scott Darling with a rebound.
11:37 of 3rd period - Shot by Brandon Pirri.
11:37 of 3rd period - Shot Misses the Net.
11:39 of 3rd period - Shot by Jiri Sekac.
11:39 of 3rd period - Shot Blocked by Brayden McNabb.
12:41 of 3rd period - Shot by Teuvo Teravainen.
12:41 of 3rd period - Shot Misses the Net.
12:46 of 3rd period - Minor Penalty to Cam Fowler for Interference.
12:47 of 3rd period - Zack Smith wins face-off versus Connor McDavid in Canadiens zone.
12:58 of 3rd period - Shot by Benoit Pouliot.
12:58 of 3rd period - Goal by Benoit Pouliot - Rangers : 5 - Canadiens : 5.
12:59 of 3rd period - Josh Bailey wins face-off versus Brandon Pirri in neutral zone.
13:01 of 3rd period - Off-side.
13:02 of 3rd period - Connor McDavid wins face-off versus Josh Bailey in neutral zone.
13:15 of 3rd period - Shot by Matt Moulson.
13:15 of 3rd period - Stopped by Scott Darling with a rebound.
13:44 of 3rd period - Icing by Nate Schmidt.
13:45 of 3rd period - Josh Bailey wins face-off versus Cedric Paquette in Canadiens zone.
14:12 of 3rd period - Off-side.
14:13 of 3rd period - John Tavares wins face-off versus Phillip Danault in neutral zone.
14:15 of 3rd period - Minor Penalty to Ondrej Palat for Interference.
14:16 of 3rd period - Justin Abdelkader wins face-off versus Cedric Paquette in Rangers zone.
14:37 of 3rd period - Shot by Adam Larsson.
14:37 of 3rd period - Shot Blocked by Dale Weise.
14:41 of 3rd period - Shot by Cam Fowler.
14:41 of 3rd period - Stopped by Scott Darling without a rebound.
14:42 of 3rd period - Brandon Pirri wins face-off versus John Tavares in Rangers zone.
14:53 of 3rd period - Shot by Jakob Silfverberg.
14:53 of 3rd period - Stopped by Scott Darling without a rebound.
14:54 of 3rd period - Cedric Paquette wins face-off versus John Tavares in Rangers zone.
15:25 of 3rd period - Shot by John Tavares.
15:25 of 3rd period - Stopped by Scott Darling without a rebound.
15:26 of 3rd period - Brandon Pirri wins face-off versus John Tavares in Rangers zone.
16:33 of 3rd period - Nick Schultz is hit by Jakob Silfverberg and loses puck.
16:40 of 3rd period - Shot by Teuvo Teravainen.
16:40 of 3rd period - Shot Misses the Net.
16:42 of 3rd period - Shot by Adam Larsson.
16:42 of 3rd period - Stopped by Scott Darling with a rebound.
16:44 of 3rd period - Shot by Jakob Silfverberg.
16:44 of 3rd period - Stopped by Scott Darling without a rebound.
16:45 of 3rd period - Phillip Danault wins face-off versus Nail Yakupov in Rangers zone.
17:11 of 3rd period - Shot by Nail Yakupov.
17:11 of 3rd period - Shot Misses the Net.
17:15 of 3rd period - Shot by Matt Moulson.
17:15 of 3rd period - Shot Misses the Net.
18:00 of 3rd period - Shot by Jordan Eberle.
18:00 of 3rd period - Stopped by Scott Darling without a rebound.
18:01 of 3rd period - Connor McDavid wins face-off versus Matt Calvert in Rangers zone.
19:09 of 3rd period - Shot by Matt Moulson.
19:09 of 3rd period - Stopped by Scott Darling with a rebound.
19:11 of 3rd period - Shot by Matt Moulson.
19:11 of 3rd period - Deflect By Josh Bailey.
19:11 of 3rd period - Shot Blocked by Alex Goligoski.
19:13 of 3rd period - Shot by Cam Fowler.
19:13 of 3rd period - Stopped by Scott Darling with a rebound.
19:15 of 3rd period - Shot by Adam Larsson.
19:15 of 3rd period - Stopped by Scott Darling without a rebound.
19:16 of 3rd period - Phillip Danault wins face-off versus John Tavares in Rangers zone.
19:59 of 3rd period - Shot by Phillip Danault.
19:59 of 3rd period - Shot Misses the Net.
Goals for this period are 1 for Rangers vs 3 for Canadiens.
Shots for this period are 5 for Rangers vs 19 for Canadiens.

Overtime #1


0:01 of 1st overtime period - Phillip Danault wins face-off versus John Tavares in neutral zone.
0:10 of 1st overtime period - Shot by Phillip Danault.
0:10 of 1st overtime period - Shot Misses the Net.
0:20 of 1st overtime period - Shot by John Tavares.
0:20 of 1st overtime period - Shot Misses the Net.
0:22 of 1st overtime period - Shot by Teuvo Teravainen.
0:22 of 1st overtime period - Shot Blocked by Alex Goligoski.
0:24 of 1st overtime period - Shot by Adam Larsson.
0:24 of 1st overtime period - Goal by Adam Larsson - Rangers : 5 - Canadiens : 6.
Goals for this period are 0 for Rangers vs 1 for Canadiens.
Shots for this period are 0 for Rangers vs 1 for Canadiens.